 Dungeon Crawl Stone Soup version 0.27.1-2-g3b301248ec (webtiles) character file.

Game seed: 15043454785272454738

376 ABBCCCDDDD the Skirmisher (level 6, -6/44 HPs)
             Began as an Octopode Abyssal Knight on Sept 28, 2021.
             Was a Believer of Lugonu.
             Mangled by a water moccasin (8 damage)
             ... on level 5 of the Dungeon.
             The game lasted 00:03:49 (4396 turns).

ABBCCCDDDD the Skirmisher (Octopode Abyssal Knight) Turns: 4396, Time: 00:03:49

Health: -6/44      AC:  1    Str:  9 (11) XL:     6   Next: 73%
Magic:  8/8        EV: 13    Int: 14 (17) God:    Lugonu [**....]
Gold:   175        SH:  0    Dex: 14 (17) Spells: 5/5 levels left

rFire    . . .     SeeInvis .   s - +2 morningstar (protect)
rCold    . . .     Faith    .   (no shield)
rNeg     . . .     Spirit   .   (helmet restricted)
rPois    .         Reflect  .   (no amulet)
rElec    .         Harm     .   t - +6 ring of dexterity
rCorr    .         Rampage  .   (no ring)
Will     .....                  (no ring)
Stlth    +++.......             (no ring)
HPRegen  0.14/turn              (no ring)
MPRegen  0.11/turn              (no ring)
                                (no ring)
                                (no ring)

@: mighty, brilliant, lethally poisoned (-6 -> -9), flying
A: almost no armour, amphibious, 8 rings, camouflage 1, gelatinous body 1,
(nimble swimmer 1), tentacles
a: Renounce Religion, Depart the Abyss, Bend Space


You were on level 5 of the Dungeon.
You worshipped Lugonu.
Lugonu was pleased with you.
You visited 1 branch of the dungeon, and saw 5 of its levels.
You visited the Abyss 1 time.

You collected 175 gold pieces.

Inventory:

Hand Weapons
 a - a +1 mace
 b - a +1 mace of protection
 s - a +2 morningstar of protection (weapon)
Missiles
 l - 7 atropa-tipped darts
Jewellery
 t - a +6 ring of dexterity (left tentacle)
Scrolls
 c - a scroll of summoning {unknown}
 d - a scroll of vulnerability {unknown}
 e - a scroll of teleportation {unknown}
 g - a scroll of fear {unknown}
 h - a scroll of magic mapping {unknown}
 q - a scroll of identify {unknown}
 r - a scroll of enchant armour {unknown}
 u - a scroll of noise {unknown}
Potions
 f - a potion of flight
 i - a potion of brilliance
 j - a potion of invisibility {unknown}
 k - a potion of degeneration
 m - a potion of lignification {unknown}
 n - a potion of might
 o - 2 potions of curing {unknown}
 p - a potion of attraction {unknown}


   Skills:
 + Level 4.7 Fighting
 * Level 4.2 Maces & Flails
 - Level 2.3 Dodging
 + Level 3.7 Stealth
 + Level 3.6 Invocations


You had 5 spell levels left.
You didn't know any spells.
Your spell library contained the following spells:

 Spells                   Type           Power      Damage    Failure   Level
 Dazzling Flash           Conj/Hex       0%         N/A       65%         3
 Iskenderun's Mystic Bla  Conj/Tloc      0%         2d3       96%         4
 Starburst                Conj/Fire      0%         6d3       100%        6


Dungeon Overview and Level Annotations

Branches:
Dungeon (5/15)             Temple (0/1) D:4

Altars:
Hepliaklqana

Annotations:
D:3 3 runed translucent doors, 15bullets's ghost, novice FoFi
D:4 1 runed translucent door, Borgoz's ghost, amateur MiBe
D:5 Prince Ribbit


Innate Abilities, Weirdness & Mutations

You cannot wear most types of armour.
You are amphibious.
You can wear up to eight rings at the same time.
Your skin changes colour to match your surroundings (Stealth+).
Your rubbery body absorbs attacks. (AC +1, EV +1)
((You are camouflaged near water. (Stealth+)))
You have tentacles for arms and can constrict up to eight enemies at once.


Message History

You open the door.
A hound and Prince Ribbit come into view.
Prince Ribbit croaks.
The hound barks!
Prince Ribbit blinks!
A jelly comes into view.
Prince Ribbit moves out of view.
There are monsters nearby!
A water moccasin comes into view.
There is an open door here.
You barely miss the water moccasin.
The water moccasin hisses angrily.
The jelly quivers.
You grab the water moccasin. You constrict the water moccasin.
The hound bites you. The water moccasin bites you.
You are poisoned.
The water moccasin poisons you! The hound misses you.
You release your grip on the water moccasin.
You feel very sick. The water moccasin bites you. The hound bites you.
There is an open door here.
You feel very sick.
It was a potion of degeneration.
There was something very wrong with that liquid.
You feel weakened.
You feel dopey.
You feel clumsy.
You feel very sick. The water moccasin closely misses you.
Prince Ribbit winks and puckers his lips.
It was a potion of flight.
You feel very buoyant.
You fly up into the air.
You feel sick. The water moccasin bites you.
The water moccasin closely misses you.
It was a potion of brilliance.
You feel clever all of a sudden.
You feel sick.
The water moccasin completely misses you.
It was a potion of might.
You feel very mighty all of a sudden.
You feel sick. The water moccasin bites you!
* * * LOW HITPOINT WARNING * * *
The water moccasin bites you!
You die...

#.# #.# #.# .. #.# ...
#.# ....###.#
........#
.......J#############
.......hS@..........#
#.......###########.##
##....... ........<#
⌠#....... #######.##
##.......# #.#
#..#####.# #.# ..# .#
#.# #.# ...


You could see a water moccasin, a hound and a jelly.

Levels and vault maps discovered:
D:1:      sevenhm_arrival_forest_fort_large_4, layout_basic,
          shapermc_ecumenical_altar_ellora
D:2:      layout_basic, minmay_tetromino_t4
D:3:      layout_basic, pf_just_have_faith, ebering_ghost_rock_garden
D:4:      layout_loops_corners, minmay_temple_entry_fiery, gammafunk_ghost_grave
D:5:      layout_basic, hellmonk_ghost_happy_afterlife, nicolae_specific_store,
          hangedman_decor_opposing, uniq_prince_ribbit1

Notes
Turn   | Place    | Note
-------+----------+-------------------------------------------
     0 | Abyss:1  | ABBCCCDDDD the Octopode Abyssal Knight began the quest for
                  | the Orb.
     0 | Abyss:1  | Reached XP level 1. HP: 16/16 MP: 2/2
    95 | Abyss:3  | Noticed a lich
    96 | D:1      | Escaped the Abyss
   393 | D:1      | Reached * piety under Lugonu
   394 | D:1      | Reached XP level 2. HP: 11/21 MP: 3/3
   811 | D:1      | Found a faded altar of an unknown god.
  1104 | D:2      | Reached XP level 3. HP: 27/27 MP: 4/4
  1412 | D:2      | Reached skill level 1 in Stealth
  1412 | D:2      | Reached XP level 4. HP: 27/33 MP: 5/5
  1688 | D:2      | You fall into a shaft and drop 2 floors!
  2018 | D:3      | Noticed a scorpion
  2026 | D:3      | Killed a scorpion
  2027 | D:3      | Reached XP level 5. HP: 35/37 MP: 5/7
  2033 | D:3      | Reached ** piety under Lugonu
  2070 | D:3      | Found a hazy altar of Hepliaklqana.
  2269 | D:3      | Found a runed translucent gate.
  2269 | D:3      | Found a runed translucent gate.
  2269 | D:3      | Found a runed translucent gate.
  2270 | D:3      | Noticed 15bullets's ghost (novice FoFi)
  3120 | D:4      | Reached XP level 6. HP: 24/44 MP: 8/8
  3415 | D:4      | Found a staircase to the Ecumenical Temple.
  3488 | D:4      | Found a runed translucent door.
  3489 | D:4      | Noticed Borgoz's ghost (amateur MiBe)
  4374 | D:5      | Entered Level 5 of the Dungeon
  4387 | D:5      | Noticed Prince Ribbit
  4388 | D:5      | Noticed a water moccasin
  4396 | D:5      | HP: 2/44 [water moccasin (9)]
  4396 | D:5      | Mangled by a water moccasin

Table legend: (Time is in decaauts)
 A = Elapsed time spent in this place.
 B = Non-inter-level travel time spent in this place.
 C = Inter-level travel time spent in this place.
 D = Time resting spent in this place.
 E = Time spent auto-exploring this place.
 F = Levels seen in this place.
 G = Mean time per level.
                   A        B        C        D        E       F      G
               +--------+--------+--------+--------+--------+-----+--------+
         Total |   4434 |   4191 |    243 |    477 |   3085 |   8 |  554.2 |
       Dungeon |   4339 |   4096 |    243 |    477 |   3069 |   5 |  867.8 |
         Abyss |     95 |     95 |      0 |      0 |     16 |   3 |   31.7 |
               +--------+--------+--------+--------+--------+-----+--------+

Top non-repeatable levels by time:
     D:4: 1351 daAuts
     D:3: 1039 daAuts
     D:1: 993 daAuts
     D:2: 933 daAuts
 Abyss:3: 34 daAuts
 Abyss:2: 30 daAuts
 Abyss:1: 30 daAuts
     D:5: 22 daAuts

Table legend:
 A = Kills in this place as a percentage of kills in entire the game.
 B = Kills by you in this place as a percentage of kills by you in the entire game.
 C = Kills by friends in this place as a percentage of kills by friends in the entire game.
 D = Other kills in this place as a percentage of other kills in the entire game.
 E = Experience gained in this place as a percentage of experience gained in the entire game.
 F = Experience gained in this place divided by the number of levels of this place that you have seen.
                   A       B       C       D       E      F
               +-------+-------+-------+-------+-------+----------------------
         Total | 100.0 | 100.0 |   N/A |   N/A | 100.0 |  67.2
       Dungeon | 100.0 | 100.0 |   N/A |   N/A | 100.0 | 107.6
               +-------+-------+-------+-------+-------+----------------------

Action                   |  1- 3 |  4- 6 || total
-------------------------+-------+-------++-------
Melee: Mace              |    53 |    73 ||   126
       Constrict         |    17 |    23 ||    40
       Tentacles         |     8 |    18 ||    26
       Morningstar       |       |    29 ||    29
Invok: Depart the Abyss  |     1 |       ||     1
  Use: Potion            |       |     4 ||     4
 Stab: Sleeping          |     7 |    12 ||    19
Armor: Skin              |    12 |    15 ||    27
Dodge: Dodged            |    29 |    68 ||    97

Vanquished Creatures
  A phantom (D:4)
  2 scorpions
  An orc wizard (D:3)
  7 adders
  3 worms
  3 dart slugs
  4 orcs
  7 endoplasms
  4 giant cockroaches
  10 goblins
  5 hobgoblins
  2 jackals (D:2)
  4 kobolds
  3 quokkas
  10 ball pythons
  3 bats
  2 frilled lizards
  2 rats
73 creatures vanquished.
